General information
- name: BNet
- type: Ladder 1vs1/FFA
- host: Battle.net
- saver: Homsar
map: TirisfalGlades
- players: 2
- length: 21:55
- speed: Fast
- version: 1.24 W3XP
- replay type: Public
» download(70 KB)
Players
team 1 (loser)
Zer0Kill (
pink | 69 APM | 1505 actions | 21:44)
5 Archmage
3 Summon Water Elemental
2 Brilliance Aura
3 Firelord
2 Summon Lava Spawn
1 Incinerate
1 Mountain King
1 Storm Bolt
» actions
| Assign group hotkey | 2 | |
| Basic commands | 3 | |
| Build / train | 82 | |
| Enter build submenu | 28 | |
| Enter hero's abilities submenu | 9 | |
| Remove unit from queue | 1 | |
| Right click | 761 | |
| Select / deselect | 533 | |
| Select group hotkey | 14 | |
| Use ability | 72 | |
1505 total
» units
| Peasant | 22 | |
| Footman | 8 | |
| Rifleman | 4 | |
| Flying Machine | 16 | |
| Dragonhawk Rider | 2 | |
| Gryphon Rider | 4 | |
| Knight | 2 | |
58 total
» upgrades
| Defend | 1 | |
| Lumber Harvesting | 2 | |
| Flak Cannons | 1 | |
| Fragmentation Shards | 0 | |
| Flying Machine Bombs | 1 | |
5 total
» buildings
| Altar of Kings | 1 | |
| Farm | 10 | |
| Barracks | 1 | |
| Scout Tower | 4 | |
| Arcane Tower | 1 | |
| Blacksmith | 1 | |
| Lumber Mill | 1 | |
| Keep | 1 | |
| Guard Tower | 1 | |
| Arcane Vault | 1 | |
| Town Hall | 3 | |
| Workshop | 3 | |
| Arcane Sanctum | 1 | |
| Gryphon Aviary | 1 | |
| Cannon Tower | 2 | |
| Castle | 1 | |
33 total
» build order
00:10 Altar of Kings
00:14 Farm
00:25 Barracks
01:00 Farm
01:37 Scout Tower
01:53 Farm
02:05 Arcane Tower
02:33 Blacksmith
03:45 Lumber Mill
04:47 Keep
05:07 Farm
05:58 Scout Tower
06:38 Guard Tower
07:05 Arcane Vault
07:10 Town Hall
07:20 Workshop
08:10 Farm
08:18 Arcane Sanctum
08:29 Farm
09:45 Farm
09:51 Workshop
09:59 Gryphon Aviary
10:26 Scout Tower
11:03 Cannon Tower
11:22 Castle
11:35 Farm
12:04 Scout Tower
12:19 Farm
14:12 Workshop
16:10 Cannon Tower
18:19 Farm
20:42 Town Hall
21:00 Town Hall
team 2 (winner)
Homsar (
blue | 70 APM | 1545 actions | 21:55)
7 Blademaster
3 Wind Walk
3 Critical Strike
1 Bladestorm
» actions
| Assign group hotkey | 29 | |
| Basic commands | 37 | |
| Build / train | 68 | |
| ESC pressed | 4 | |
| Enter build submenu | 34 | |
| Enter hero's abilities submenu | 6 | |
| Give item / drop item | 1 | |
| Right click | 706 | |
| Select / deselect | 196 | |
| Select group hotkey | 360 | |
| Use ability | 104 | |
1545 total
» units
| Peon | 16 | |
| Troll Batrider | 18 | |
| Wind Rider | 4 | |
38 total
» upgrades
| Ranged Weapons | 2 | |
| Liquid Fire | 1 | |
3 total
» buildings
| Altar of Storms | 1 | |
| Orc Burrow | 4 | |
| War Mill | 1 | |
| Voodoo Lounge | 1 | |
| Watch Tower | 19 | |
| Stronghold | 1 | |
| Beastiary | 3 | |
| Fortress | 2 | |
| Great Hall | 1 | |
33 total
» build order
00:03 Altar of Storms
00:18 Orc Burrow
00:50 War Mill
01:22 Voodoo Lounge
02:07 Watch Tower
02:33 Stronghold
02:47 Orc Burrow
03:13 Watch Tower
03:16 Orc Burrow
03:51 Watch Tower
03:54 Orc Burrow
04:51 Watch Tower
05:01 Beastiary
05:05 Watch Tower
05:18 Watch Tower
05:21 Watch Tower
05:51 Watch Tower
06:31 Watch Tower
06:37 Watch Tower
08:21 Watch Tower
09:29 Watch Tower
11:13 Fortress
13:56 Beastiary
13:57 Beastiary
14:41 Watch Tower
14:44 Watch Tower
17:11 Watch Tower
17:11 Watch Tower
17:58 Watch Tower
18:18 Watch Tower
20:38 Great Hall
20:39 Watch Tower
» items
| Healing Salve | 4 | |
| Lesser Clarity Potion | 7 | |
| Boots of Speed | 1 | |
| Orb of Lightning | 1 | |
13 total
Chat log
(19:30 / All) Homsar: gg?
(19:46 / All) Zer0Kill: ur so gay